 Dungeon Crawl Stone Soup version 0.27.0-1-g7a089689b8 (webtiles) character file.

Game seed: 15510949912475073634

2779 lnt the Cleaver (level 9, 0/70 HPs)
             Began as a Minotaur Berserker on Aug 3, 2021.
             Was an Elder of Trog.
             Killed from afar by Maggie (24 damage)
             ... with a bolt of fire
             ... on level 6 of the Dungeon.
             The game lasted 00:18:07 (7878 turns).

lnt the Cleaver (Minotaur Berserker)                Turns: 7878, Time: 00:18:08

Health: 0/70       AC:  0    Str: 23    XL:     9   Next: 42%
Magic:  8/8        EV: 14    Int:  4    God:    Trog [****..]
Gold:   521        SH:  0    Dex: 12    Spells: 8/8 levels left

rFire    . . .     SeeInvis .   (weapon currently unavailable)
rCold    . . .     Faith    .   (shield currently unavailable)
rNeg     . . .     Spirit   .   (armour currently unavailable)
rPois    .         Reflect  .   (helmet currently unavailable)
rElec    .         Harm     .   (cloak currently unavailable)
rCorr    .         Rampage  .   (gloves currently unavailable)
Will     .....                  (boots currently unavailable)
Stlth    +.........             (no amulet)
HPRegen  0.21/turn              (ring currently unavailable)
MPRegen  0.11/turn              (ring currently unavailable)

@: pig-form, mesmerised, very quick
A: fast, no casting, small, (horns 2), (retaliatory headbutt)
a: Renounce Religion, Berserk, Trog's Hand, Brothers in Arms


You were on level 6 of the Dungeon.
You worshipped Trog.
Trog was greatly pleased with you.
You were a filthy swine.
You visited 2 branches of the dungeon, and saw 7 of its levels.
You also visited: Ossuary.

You collected 521 gold pieces.

Inventory:

Hand Weapons
 a - a +0 hand axe (melded)
 i - a +0 hunting sling
 O - a +1 vampiric lajatang
Missiles
 c - 192 stones (quivered)
 j - 38 sling bullets
 u - 18 poisoned darts
 H - a throwing net
Armour
 b - a +0 animal skin
 k - a +0 pair of gloves
 n - a +0 ring mail
 o - a +0 crystal plate armour (melded)
 v - a +0 pair of gloves
 G - a +2 cloak of poison resistance (melded)
 K - a +2 pair of gloves (melded)
Jewellery
 d - an amulet of faith
 N - a +6 ring of strength (melded)
Wands
 m - a wand of flame (15)
Scrolls
 e - 2 scrolls of vulnerability {unknown}
 f - 10 scrolls of identify {unknown}
 g - 2 scrolls of fog {unknown}
 l - 2 scrolls of enchant weapon {unknown}
 r - 3 scrolls of immolation
 w - a scroll of fear {unknown}
 x - a scroll of magic mapping {unknown}
 y - 3 scrolls of noise {unknown}
 z - a scroll of enchant armour {unknown}
 C - a scroll of silence {unknown}
 E - 3 scrolls of torment {unknown}
 I - 3 scrolls of teleportation {unknown}
 J - a scroll of brand weapon {unknown}
 L - a scroll of amnesia {unknown}
Potions
 h - 3 potions of might {unknown}
 p - 3 potions of flight {unknown}
 q - 2 potions of degeneration {unknown}
 s - 2 potions of mutation {unknown}
 t - 6 potions of lignification {unknown}
 A - 2 potions of attraction {unknown}
 B - a potion of heal wounds
 D - 3 potions of curing {unknown}
 F - a potion of brilliance {unknown}


   Skills:
 - Level 3.6 Fighting
 * Level 13.0 Axes
 + Level 8.9 Armour
 - Level 2.1 Dodging


You had 8 spell levels left.
You didn't know any spells.
Your spell library was empty.

Dungeon Overview and Level Annotations

Branches:
Dungeon (6/15)             Temple (1/1) D:5         Ossuary (visited)

Altars:
Ashenzari
Cheibriados
Dithmenos
Elyvilon
Fedhas
Gozag
Hepliaklqana
Kikubaaqudgha
Okawaru
Qazlal
Sif Muna
Uskayaw
Wu Jian
Zin

Shops:
D:5 [

Annotations:
D:6 Maggie


Innate Abilities, Weirdness & Mutations

You are a filthy swine.
You move quickly.
Your equipment is almost entirely melded.
You are incapable of wielding weapons or throwing items.
You cannot cast spells.
((You have a pair of horns on your head.))
((You reflexively headbutt those who attack you in melee.))


Message History

You hit Maggie but do no damage.
Maggie is almost dead.
You hit Maggie but do no damage.
Maggie is almost dead.
Maggie zaps a wand.
You easily resist.
You hit Maggie but do no damage.
Maggie is almost dead.
Maggie casts a spell.
Maggie attempts to bespell you!
You are mesmerised by Maggie!
You hit Maggie but do no damage.
Maggie is almost dead.
Maggie hits you with a +1 broad axe of flaming!
Maggie burns you.
You hit Maggie but do no damage.
Maggie is almost dead.
Maggie zaps a wand.
You easily resist.
You hit Maggie but do no damage.
Maggie is almost dead.
Maggie points at you and mumbles some strange words.
The bolt of fire hits you!
* * * LOW HITPOINT WARNING * * *
Aiming: Throw Flame
Press: ? - help, Shift-Dir - straight line, f/p - Maggie
Aim: Maggie, wielding a +1 broad axe of flaming, wearing +1 swamp dragon scales and carrying a wand of polymorph (6) (almost dead, mesmerising, 72% to hit)
The puff of flame hits Maggie but does no damage.
Maggie is almost dead.
Maggie zaps a wand.
You easily resist.
Aiming: Throw Flame
Press: ? - help, Shift-Dir - straight line, f/p - Maggie
Aim: Maggie, wielding a +1 broad axe of flaming, wearing +1 swamp dragon scales and carrying a wand of polymorph (5) (almost dead, mesmerising, 72% to hit)
The puff of flame misses Maggie.
Maggie hits you with a +1 broad axe of flaming!
* * * LOW HITPOINT WARNING * * *
Maggie burns you.
* * * LOW HITPOINT WARNING * * *
You feel much better. Maggie casts a spell at you. The bolt of fire hits you!!
You die...

#.#....##.##......#
#.#....##.##......#
..#.......##......##### #
####......##..........#
######......##..........#
.....#......####........#
.....#......####........#
..................).....#
...............@h>......#
....................<...#
........)........########
.................#
.................#
.................#
.................#######
<......................#
.......................#


You could see Maggie (mesmerising).

Vanquished Creatures
  Grinder (D:3)
  Prince Ribbit (D:6)
  A hornet (D:4)
  Sigmund (D:6)
  Menkaure (D:4)
  A water moccasin (D:6)
  3 sky beasts
  A necrophage (D:4)
  An ice beast (D:2)
  An ogre (D:4)
  A phantom (D:6)
  2 bullfrogs (D:6)
  2 scorpions
  A water moccasin zombie (D:6)
  5 jellies
  An orc priest (D:4)
  3 hounds
  3 bullfrog skeletons
  Crazy Yiuf (D:4)
  An iguana (D:6)
  Natasha (thrice) (D:3)
  Terence (D:3)
  An orc wizard (D:4)
  A hound zombie (D:5)
  8 mummies (Ossuary)
  9 gnolls
  4 adders
  2 worms
  A dart slug (D:3)
  12 orcs
  6 ball pythons
  2 bats
  5 endoplasms
  4 giant cockroaches
  3 goblins
  A hobgoblin (D:2)
  11 jackals
  5 frilled lizards
  2 hobgoblin zombies (Ossuary)
  3 kobolds
  3 kobold zombies (Ossuary)
  3 orc zombies (Ossuary)
  5 rats
127 creatures vanquished.

Notes
Turn   | Place    | Note
-------+----------+-------------------------------------------
     0 | D:1      | lnt the Minotaur Berserker began the quest for the Orb.
     0 | D:1      | Reached XP level 1. HP: 19/19 MP: 0/0
    75 | D:1      | Reached skill level 4 in Axes
   262 | D:1      | Reached XP level 2. HP: 18/26 MP: 1/1
   764 | D:2      | Found a hazy altar of Hepliaklqana.
   958 | D:2      | Reached skill level 5 in Axes
   958 | D:2      | Reached XP level 3. HP: 26/31 MP: 2/2
  1266 | D:2      | HP: 2/46 [gnoll (4)]
  1708 | D:2      | Reached ** piety under Trog
  1833 | D:2      | Reached XP level 4. HP: 30/39 MP: 3/3
  2122 | D:2      | Reached skill level 6 in Axes
  2576 | D:3      | Noticed Natasha
  2590 | D:3      | Killed Natasha
  2592 | D:3      | Noticed Grinder
  2593 | D:3      | Noticed an ice beast
  2711 | D:3      | Noticed Natasha
  2719 | D:2      | Killed an ice beast
  2720 | D:2      | Reached skill level 7 in Axes
  2720 | D:2      | Reached XP level 5. HP: 45/45 MP: 4/4
  2816 | D:3      | Killed Natasha
  2874 | D:3      | Noticed Natasha
  2888 | D:3      | Killed Natasha
  2889 | D:3      | Reached XP level 6. HP: 44/51 MP: 5/5
  2894 | D:3      | Killed Grinder
  2895 | D:3      | Reached skill level 8 in Axes
  3072 | D:3      | Found a faded altar of an unknown god.
  3181 | D:3      | Noticed Terence
  3192 | D:3      | Killed Terence
  3193 | D:3      | Reached XP level 7. HP: 57/57 MP: 6/6
  3325 | D:4      | Reached skill level 5 in Armour
  3352 | D:4      | Reached skill level 9 in Axes
  3480 | D:4      | Noticed a hornet
  3487 | D:4      | Killed a hornet
  3687 | D:4      | Reached *** piety under Trog
  3697 | D:4      | Reached skill level 10 in Axes
  3793 | D:4      | Found a runed translucent door.
  3794 | D:4      | Noticed Crazy Yiuf
  3870 | D:4      | Found a sand-covered staircase.
  3907 | Ossuary  | Entered an ossuary
  3925 | Ossuary  | Reached XP level 8. HP: 64/64 MP: 7/7
  4827 | D:4      | Noticed Menkaure
  4841 | D:4      | Killed Menkaure
  5032 | D:4      | Reached skill level 11 in Axes
  5265 | D:4      | Killed Crazy Yiuf
  5367 | D:5      | Entered Level 5 of the Dungeon
  5367 | D:5      | Found Byalud's Antique Armour Shoppe.
  5627 | D:5      | Found an ornate altar of the Wu Jian Council.
  5628 | D:5      | Found a shadowy altar of Dithmenos.
  5636 | D:5      | Found a staircase to the Ecumenical Temple.
  5645 | Temple   | Entered the Ecumenical Temple
  6771 | D:6      | Noticed Prince Ribbit
  6772 | D:6      | Noticed Sigmund
  6806 | D:6      | Killed Prince Ribbit
  6807 | D:6      | Reached skill level 12 in Axes
  6807 | D:6      | Reached XP level 9. HP: 70/70 MP: 8/8
  7219 | D:6      | Reached **** piety under Trog
  7300 | D:6      | Killed Sigmund
  7510 | D:6      | Reached skill level 13 in Axes
  7718 | D:6      | Noticed Maggie
  7878 | D:6      | Killed from afar by Maggie

Illustrated notes

Levels and vault maps discovered:
D:1:      elethiomel_arrival_quiet, layout_rooms, chequers_serial_rivers_small_3
D:2:      layout_basic, basic_altar, minmay_octomino_e4
D:3:      layout_rooms, hellmonk_ecumenical_altar_blasted, dk_noncrumbling_4,
          minmay_misc_feat_four_crosses, uniq_terence, uniq_grinder,
          uniq_natasha
D:4:      layout_loops_ring, nicolae_ossuary_entry_false_entrances,
          kennysheep_generic_room_5, uniq_crazy_yiuf_cottage, uniq_menkaure
D:5:      layout_basic, mainiacjoe_overflow_large_starburst,
          minmay_temple_entry_statues, serial_shops, nicolae_stop_n_shop_1,
          minivault_4
D:6:      layout_basic, hex_medium, kennysheep_generic_room_4,
          uniq_prince_ribbit1, uniq_maggie, uniq_sigmund
Temple:   minmay_temple_bridge_abc

Skill      XL: |  1  2  3  4  5  6  7  8  9 |
---------------+----------------------------+-----
Axes           | 4 5 7 8 10 12 13 | 13.0
Armour         | 3 4 6 8 |  8.9
Fighting       | |  3.6
Dodging        | |  2.1

Action                   |  1- 3 |  4- 6 |  7- 9 || total
-------------------------+-------+-------+-------++-------
Melee: Hand axe          |    67 |    86 |   269 ||   422
       Headbutt          |     9 |    17 |    58 ||    84
       Unarmed           |       |       |    10 ||    10
Throw: Stone             |     4 |     8 |    13 ||    25
Invok: Berserk           |     1 |     3 |     5 ||     9
       Trog's Hand       |       |     1 |       ||     1
Evoke: Wand              |       |       |    10 ||    10
  Use: Potion            |       |       |     2 ||     2
Armor: Animal skin       |    13 |       |       ||    13
       Crystal plate arm |     3 |    71 |   134 ||   208
       Skin              |     1 |       |       ||     1
Dodge: Dodged            |    31 |     9 |    42 ||    82
